 Dungeon Crawl Stone Soup version 0.27.1-33-g824d729ab1 (webtiles) character file.

Game seed: 17613438725542468044

13419 pkoi the Grappler (level 11, -4/88 HPs)
             Began as a Grey Draconian Gladiator on Dec 21, 2021.
             Was an Initiate of Gozag.
             Succumbed to a death drake's dark miasma
             ... on level 12 of the Dungeon.
             The game lasted 00:24:40 (16167 turns).

pkoi the Grappler (Grey Draconian Gladiator)       Turns: 16167, Time: 00:24:40

Health: -4/88      AC: 21    Str: 18    XL:     11   Next: 75%
Magic:  11/26      EV: 17    Int: 15    God:    Gozag
Gold:   934        SH:  0    Dex: 24    Spells: 15/18 levels left

rFire    + + +     SeeInvis .     - Unarmed
rCold    + + .     Faith    .   (no shield)
rNeg     . . .     Spirit   +   (armour unavailable)
rPois    .         Reflect  .   M - +2 hat
rElec    +         Harm     .   y - +1 cloak {rCorr}
rCorr    +         Rampage  .   e - +1 pair of gloves of Satisfaction {rElec MP+9 Int-5 Dex+5}
Will     .....                  J - +2 pair of boots of Dacw {rCorr Int+3 Dex-2}
Stlth    ++........             o - amulet of guardian spirit
HPRegen  0.24/turn              G - ring "Ehemail" {Str+6 Dex+7}
MPRegen  0.20/turn              E - ring "Edir" {Drain rF+++ rC++ Str-4 Int+6}

@: lethally poisoned (-4 -> -27), slowed, very slow
A: AC +12, amphibious, unfitting armour, cold-blooded
a: Renounce Religion, Potion Petition, Call Merchant, Bribe Branch


You were on level 12 of the Dungeon.
You worshipped Gozag.
Gozag was pleased with you.
You visited 2 branches of the dungeon, and saw 13 of its levels.
You also visited: Gauntlet.

You collected 2544 gold pieces.
You spent 1130 gold pieces at shops.
You paid 480 gold pieces to Gozag.

Inventory:

Hand Weapons
 r - a +1 dagger of venom
Missiles
 b - 2 throwing nets
 A - 23 poisoned darts (quivered)
 L - 5 boomerangs of dispersal
Armour
 e - the +1 pair of gloves of Satisfaction (worn) {rElec MP+9 Int-5 Dex+5}
   (You found it on level 7 of the Dungeon)

   Int:       It affects your intelligence (-5).
   Dex:       It affects your dexterity (+5).
   rElec:     It insulates you from electricity.
   MP:        It affects your magic capacity (+9).
 y - a +1 cloak of preservation (worn)
 J - the +2 pair of boots of Dacw (worn) {rCorr Int+3 Dex-2}
   (You found it in a Gauntlet)

   Int:       It affects your intelligence (+3).
   Dex:       It affects your dexterity (-2).
   rCorr:     It protects you from acid and corrosion.
 M - a +2 hat (worn)
Jewellery
 o - an amulet of guardian spirit (around neck)
 E - the ring "Edir" (right hand) {Drain rF+++ rC++ Str-4 Int+6}
   (You bought it in a shop on level 5 of the Dungeon)

   [ring of intelligence]

   Str:       It affects your strength (-4).
   Int:       It affects your intelligence (+6).
   rF:        It renders you almost immune to fire.
   rC:        It greatly protects you from cold.
   Drain:     It drains your maximum health when unequipped.
 G - the ring "Ehemail" (left hand) {Str+6 Dex+7}
   (You found it in a Gauntlet)

   [ring of strength]

   Str:       It affects your strength (+6).
   Dex:       It affects your dexterity (+7).
Wands
 k - a wand of polymorph (9)
 w - a wand of iceblast (17)
 B - a wand of digging (5)
 C - a wand of flame (40)
 I - a wand of paralysis (7)
Scrolls
 c - a scroll of amnesia
 h - 6 scrolls of identify
 j - 4 scrolls of fog
 m - 2 scrolls of vulnerability
 q - 2 scrolls of brand weapon
 z - 3 scrolls of teleportation
 F - a scroll of enchant weapon
Potions
 a - a potion of invisibility {unknown}
 f - a potion of curing
 g - a potion of magic
 i - a potion of haste
 n - a potion of flight
 p - 2 potions of ambrosia
 s - a potion of mutation
 t - a potion of heal wounds
 u - 2 potions of brilliance
 D - a potion of might
Miscellaneous
 d - a phantom mirror (inert)


   Skills:
 - Level 5.2 Fighting
 - Level 1.7 Throwing
 - Level 6.0 Dodging
 * Level 14.8 Unarmed Combat
 + Level 4.0 Spellcasting
 + Level 4.5 Conjurations
 + Level 5.5 Earth Magic
 + Level 3.2 Evocations


You had 15 spell levels left.
You knew the following spells:

 Your Spells              Type           Power      Damage    Failure   Level
a - Stone Arrow           Conj/Erth      36%        3d9       7%          3

Your spell library contained the following spells:

 Spells                   Type           Power      Damage    Failure   Level
 Blink                    Tloc           N/A        N/A       26%         2
 Ensorcelled Hibernation  Hex/Ice        6%         N/A       26%         2
 Poisonous Vapours        Pois/Air       6%         N/A       26%         2
 Slow                     Hex            3%         N/A       26%         2
 Confusing Touch          Hex            3%         N/A       47%         3
 Lesser Beckoning         Tloc           1%         N/A       47%         3
 Spider Form              Tmut/Pois      1%         N/A       47%         3
 Summon Lightning Spire   Summ/Air       3%         N/A       87%         4
 Alistair's Intoxication  Tmut/Pois      2%         N/A       99%         5
 Manifold Assault         Tloc           3%         N/A       99%         5
 Yara's Violent Unravell  Hex/Tmut       1%         3d3       99%         5
 Shadow Creatures         Summ           N/A        N/A       100%        6
 Lehudib's Crystal Spear  Conj/Erth      9%         10d4      100%        8
 Chain Lightning          Conj/Air       4%         3d6       100%        9
 Fire Storm               Conj/Fire      4%         8d1       100%        9
 Animate Armour           Summ/Erth      Unusable   N/A       N/A         4

Dungeon Overview and Level Annotations

Branches:
Dungeon (12/15)            Temple (1/1) D:4            Lair (0/6) D:9
    Orc (0/2) D:9         Gauntlet (visited)

Altars:
Ashenzari
Cheibriados
Dithmenos
Elyvilon
Fedhas
Gozag
Hepliaklqana
Kikubaaqudgha
Makhleb
Nemelex Xobeh
Okawaru
Qazlal
Ru
Sif Muna
Trog
Uskayaw
Vehumet
Wu Jian
Xom
Yredelemnul
Zin
The Shining One
Beogh

Shops:
D:3 [   D:5 *([=[   D:8 *[

Annotations:
D:8 2 transporters


Innate Abilities, Weirdness & Mutations

Your dull iron-grey scales are very hard. (AC +12)
You are amphibious.
You cannot fit into any form of body armour.
You are cold-blooded and may be slowed by cold attacks.


Message History

Found a stone staircase leading up.
A yak comes into view.
The yak changes into a death drake!
A death drake is nearby!
A death drake is nearby!
The death drake breathes miasma at you.
A two-headed ogre comes into view.
It is wielding a +0 giant club and a +0 dire flail.
You are engulfed in dark miasma.
You are poisoned.
You feel very sick.
You see here an amethyst potion.
a - an amethyst potion You are engulfed in dark miasma.
You are more poisoned.
You feel extremely sick.
You feel extremely sick.
You feel very sick.
You feel very sick. The death drake breathes miasma at you.
The foul vapour engulfs you.
You are more poisoned.
* * * LOW HITPOINT WARNING * * *
You are engulfed in dark miasma.
You are lethally poisoned!
* * * LOW HITPOINT WARNING * * *
x2 You feel extremely sick.
* * * LOW HITPOINT WARNING * * *
You feel extremely sick. The death drake breathes miasma at you.
The foul vapour engulfs you but does no damage.
You are engulfed in dark miasma.
You are more poisoned.
You feel yourself slow down.
* * * LOW HITPOINT WARNING * * *
x2 You feel extremely sick.
You feel better.
You are engulfed in dark miasma.
You are lethally poisoned!
You feel as though you will be slow longer.
* * * LOW HITPOINT WARNING * * *
You die...
Your body crumbles into a pile of gold.

. .... #..##.. . ... ......#
.. ##.# ....... ..#
#..##....... ...#
###...#.......
....#############.............
................##°#.°........
...............°°°.#..........
...............°@.k....^......
##.########<...#°....##.......
#. #####.°°..## ..###.. #
#.......# .## . ######......#
#..#.... #<##..## #.# ##


You could see a death drake shaped shifter (catching breath).

Vanquished Creatures
  A minotaur (Gauntlet)
  A hell beast (Gauntlet)
  3 two-headed ogres
  4 slime creatures (D:12)
  Joseph (D:7)
  A gargoyle (D:10)
  An unseen horror (D:11)
  2 hornets
  3 trolls
  4 shadows
  A vampire (D:11)
  2 wraiths
  A wyvern (D:11)
  2 fire bats (shapeshifter) (Gauntlet)
  2 steam dragons
  4 vampire mosquitoes (D:7)
  An acid dragon (D:11)
  3 wargs (D:9)
  2 water moccasins
  2 ice beasts
  10 orc warriors
  3 sky beasts
  A black bear (D:6)
  3 centaurs
  A phantom (D:5)
  2 kobold brigands
  2 bullfrogs
  A wyvern skeleton (D:6)
  10 killer bees
  4 wights (D:10)
  2 howler monkeys (D:9)
  3 bullfrog zombies
  4 centaur zombies
  A gnoll shaman (D:10)
  A jelly (D:8)
  12 orc priests
  2 hounds
  A bullfrog skeleton (D:6)
  An iguana (D:5)
  10 orc wizards
  2 howler monkey zombies
  A howler monkey skeleton (D:7)
  7 gnolls
  9 adders
  A shadow imp (D:6)
  An ufetubus (D:5)
  An adder skeleton (D:4)
  2 worms
  A dart slug (D:3)
  41 orcs
  7 ball pythons
  10 bats
  7 endoplasms
  A giant cockroach (D:2)
  9 goblins
  6 hobgoblins
  3 jackals (D:1)
  4 quokkas
  8 frilled lizards
  15 kobolds
  10 rats
261 creatures vanquished.

Vanquished Creatures (collateral kills)
  A hell hound (Gauntlet)
  A kobold brigand (D:7)
  2 kobolds (D:7)
4 creatures vanquished.

Vanquished Creatures (others)
  A plant (D:9)
1 creature vanquished.

Grand Total: 266 creatures vanquished

Notes
Turn   | Place    | Note
-------+----------+-------------------------------------------
     0 | D:1      | pkoi the Draconian Gladiator began the quest for the Orb.
     0 | D:1      | Reached XP level 1. HP: 17/17 MP: 1/1
   359 | D:1      | Reached XP level 2. HP: 12/24 MP: 2/2
   812 | D:1      | Reached skill level 4 in Unarmed Combat
  1164 | D:1      | Reached XP level 3. HP: 29/29 MP: 3/3
  1474 | D:2      | Found a faded altar of an unknown god.
  1488 | D:2      | Became a worshipper of Gozag Ym Sagoz the Greedy
  2478 | D:3      | Found Wuck's Armour Shop.
  2487 | D:3      | Reached skill level 5 in Unarmed Combat
  2487 | D:3      | Reached XP level 4. HP: 25/36 MP: 4/4
  2621 | D:3      | You fall into a shaft and drop 2 floors!
  2621 | D:5      | Entered Level 5 of the Dungeon
  2662 | D:4      | Found a staircase to the Ecumenical Temple.
  2690 | D:4      | Noticed an ice beast
  2695 | D:4      | Killed an ice beast
  2696 | D:4      | Reached skill level 6 in Unarmed Combat
  2696 | D:4      | Reached XP level 5. HP: 26/41 MP: 5/5
  3195 | D:4      | Found a glowing golden altar of the Shining One.
  3197 | D:4      | Found a hazy altar of Hepliaklqana.
  3197 | D:4      | Found a radiant altar of Vehumet.
  3197 | D:4      | Found a bloodstained altar of Trog.
  3200 | D:4      | Found an opulent altar of Gozag.
  3281 | Temple   | Entered the Ecumenical Temple
  4878 | D:3      | Reached XP level 6. HP: 46/48 MP: 6/6
  5470 | D:5      | Noticed a water moccasin
  5487 | D:5      | Killed a water moccasin
  5488 | D:5      | Reached skill level 7 in Unarmed Combat
  5962 | D:5      | Found Peckuir's Antique Armour Emporium.
  6162 | D:5      | Your scales start taking on a dull iron-grey colour.
  6162 | D:5      | Reached XP level 7. HP: 54/57 MP: 7/7
  6277 | D:5      | Learned a level 3 spell: Stone Arrow
  6524 | D:5      | Found Tibia's Jewellery Shop.
  6532 | D:5      | Found Qosuoluo's Armour Shop.
  6542 | D:5      | Found Loabeob's Weapon Shop.
  6543 | D:5      | Found Kenonwi Remp's Assorted Antiques.
  6596 | D:6      | Reached skill level 1 in Spellcasting
  6596 | D:6      | Reached skill level 1 in Conjurations
  6596 | D:6      | Reached skill level 1 in Earth Magic
  7000 | D:5      | Reached skill level 8 in Unarmed Combat
  7191 | D:6      | Reached XP level 8. HP: 50/63 MP: 10/10
  7747 | D:6      | Noticed a two-headed ogre
  7791 | D:7      | Identified the +1 pair of gloves of Satisfaction {rElec
                  | MP+9 Int-5 Dex+5}
  7877 | D:7      | Noticed Joseph
  7942 | D:7      | Killed Joseph
  7943 | D:7      | Reached skill level 9 in Unarmed Combat
  8202 | D:7      | Reached skill level 5 in Dodging
  8225 | D:7      | Reached XP level 9. HP: 55/71 MP: 11/11
  8341 | D:7      | Reached skill level 10 in Unarmed Combat
  8762 | D:8      | Reached skill level 5 in Fighting
  8899 | D:8      | Found Ukkuheel's General Store.
  8949 | D:8      | Paralysed by a hornet for 2 turns
  9273 | D:8      | Found a transporter.
  9276 | D:8      | Noticed an ogre mage
  9277 | D:8      | Found a transporter.
  9698 | D:8      | Reached skill level 11 in Unarmed Combat
 10170 | D:9      | Found a staircase to the Orcish Mines.
 10197 | D:9      | Noticed a two-headed ogre
 10216 | D:9      | Killed a two-headed ogre
 10217 | D:9      | Reached skill level 12 in Unarmed Combat
 10217 | D:9      | Reached XP level 10. HP: 42/81 MP: 12/12
 10549 | D:9      | Found a staircase to the Lair.
 10863 | D:9      | Reached skill level 13 in Unarmed Combat
 12047 | D:5      | Bought the ring "Edir" {Drain rF+++ rC++ Str-4 Int+6} for
                  | 1130 gold pieces
 12098 | D:6      | Killed a two-headed ogre
 12416 | D:10     | Entered Level 10 of the Dungeon
 12525 | D:10     | Noticed a two-headed ogre
 12541 | D:10     | Killed a two-headed ogre
 13044 | D:10     | Reached XP level 11. HP: 76/88 MP: 15/15
 13193 | D:10     | Found a blossoming altar of Fedhas.
 13527 | D:10     | Reached skill level 14 in Unarmed Combat
 14141 | D:11     | Found a gate leading to a gauntlet.
 14154 | Gauntlet | Entered a Gauntlet
 14154 | Gauntlet | Noticed a wizard
 14154 | Gauntlet | Found a transporter.
 14154 | Gauntlet | Found a transporter.
 14154 | Gauntlet | Found a runed translucent door.
 14190 | Gauntlet | Found a runed translucent door.
 14195 | Gauntlet | Noticed a fire crab
 14195 | Gauntlet | a redback changed into a fire crab
 14204 | Gauntlet | Found a transporter.
 14208 | Gauntlet | Found a transporter.
 14216 | Gauntlet | Found a transporter.
 14220 | Gauntlet | Found a transporter.
 14222 | Gauntlet | Noticed a red ugly thing
 14222 | Gauntlet | Noticed a green ugly thing
 14224 | Gauntlet | Noticed a glowing orange brain
 14228 | Gauntlet | Found a transporter.
 14245 | Gauntlet | Noticed a hell beast
 14248 | Gauntlet | Found a transporter.
 14265 | Gauntlet | Found a transporter.
 14269 | Gauntlet | Found a transporter.
 14281 | Gauntlet | Found a transporter.
 14282 | Gauntlet | Found a transporter.
 14419 | Gauntlet | Reached skill level 1 in Evocations
 14622 | Gauntlet | Killed a hell beast
 14634 | Gauntlet | Identified the ring "Ehemail" {Str+6 Dex+7}
 14825 | Gauntlet | Noticed a minotaur
 14846 | Gauntlet | Killed a minotaur
 15081 | Gauntlet | Identified the +2 pair of boots of Dacw {rCorr Int+3 Dex-2}
 15105 | Gauntlet | Got the Collected Works on Cloudy Contamination
 15443 | D:11     | Reached skill level 5 in Earth Magic
 16157 | D:12     | Noticed a death drake
 16157 | D:12     | a yak changed into a death drake
 16159 | D:12     | Noticed a two-headed ogre
 16166 | D:12     | HP: 1/88 [poisoned by a death drake (dark miasma)]
 16167 | D:12     | Succumbed to a death drake's dark miasma

Illustrated notes

Levels and vault maps discovered:
D:1:      nzn_arrival_crosshair, layout_basic, minmay_fountain_box
D:2:      layout_loops_cross, ebering_ecumenical_altar_abandoned,
          grunt_decor_resistance, minmay_fractal_squares_gapless_5
D:3:      layout_basic, serial_shops, shop, minmay_fractal_squares_5
D:4:      layout_basic, grunt_temple_overflow_open,
          minmay_temple_entry_water_ring
D:5:      layout_rooms, serial_shops, shop_statue, minmay_shop_grid_forest,
          kennysheep_pointless_box, roderic_serpentine_path,
          chequers_decorated_corner, minmay_crystal_room
D:6:      layout_rooms
D:7:      layout_cave_pools, kennysheep_donut, uniq_joseph
D:8:      gammafunk_beogh_shrine, layout_loops_ring, serial_shops, shop_coins
D:9:      layout_irregular_city, erik_lair_orcish_takeover,
          minmay_orc_entry_temple_large
D:10:     layout_roguey, fedhas_bush_and_centaur_altar, minmay_orc_keep
D:11:     layout_irregular_city, gauntlet_entry_generic
D:12:     layout_layer_cave, minmay_puff, uniq_maurice
Temple:   regret_index_temple_sphere_string

Skill      XL: |  1  2  3  4  5  6  7  8  9 10 11 |
---------------+----------------------------------+-----
Unarmed Combat | 4 5 6 7 8 9 12 13 14 | 14.8
Dodging        | 3 4 5 6 |  6.0
Fighting       | 3 4 5 |  5.2
Spellcasting   | 1 2 4 |  4.0
Conjurations   | 1 3 4 |  4.5
Earth Magic    | 2 4 5 |  5.5
Evocations     | 3 |  3.2
Throwing       | |  1.7

Action                   |  1- 3 |  4- 6 |  7- 9 | 10-12 || total
-------------------------+-------+-------+-------+-------++-------
Melee: Unarmed           |   144 |   147 |   348 |   538 ||  1177
       Tailslap          |    12 |    27 |    54 |   108 ||   201
       Punch             |       |     3 |    14 |    48 ||    65
       Dagger            |       |    46 |     4 |     6 ||    56
Throw: Dart              |       |       |     8 |     8 ||    16
       Throwing net      |       |       |     1 |       ||     1
Invok: Call Merchant     |       |       |     1 |       ||     1
Evoke: Phantom mirror    |       |       |       |     1 ||     1
  Use: Potion            |       |     4 |     1 |     2 ||     7
       Scroll            |       |       |    18 |     2 ||    20
 Stab: Sleeping          |     3 |     3 |       |     1 ||     7
       Distracted        |     1 |       |     2 |     2 ||     5
Armor: Skin              |    54 |    61 |   172 |   187 ||   474
Dodge: Dodged            |   102 |   100 |   258 |   325 ||   785
